MID
PEORIA CHIEFS @ LAKEWOOD BLUECLAWS
06/09/2048
 
TOP OF THE 1ST
Peoria Chiefs batting - Pitching for Lakewood BlueClaws : RHP Pablo Medina
Pitching: RHP Pablo Medina
Batting: LHB Dana McDonald 0-0: Ball
1-0: Called Strike
1-1: Ball
2-1: Fly out, F7 (Flyball, 7S, EV 91.9 MPH)
Batting: RHB Joe LaDue 0-0: Ball
1-0: SINGLE (Groundball, 25, EV 64.4 MPH) (infield hit)
Batting: SHB Gerardo Macias 0-0: Ball
1-0: Called Strike
1-1: Called Strike
1-2: Strikes out looking
Batting: SHB Josh Schultze 0-0: Called Strike
0-1: Called Strike
0-2: Ball
1-2: Foul Ball, location: 2F
1-2: Reached on error, E4 (Groundball, 34D, EV 106.9 MPH)
Joe LaDue to second
Batting: LHB Jorge Zarazua 0-0: SINGLE (Line Drive, 6D, EV 100.0 MPH)
Joe LaDue to third
Josh Schultze to second
Runner from 3rd tries for Home, SAFE, throw by LF to home
Batting: RHB Fekadu Alhaadi 0-0: Ball
1-0: Called Strike
1-1: Foul Ball, location: 2F
1-2: Fielders Choice at 2nd, 5-4 (Groundball, 56, EV 103.8 MPH)
Top of the 1st over - 1 run, 2 hits, 1 error, 2 left on base; Peoria 1 - Lakewood 0
BOTTOM OF THE 1ST
Lakewood BlueClaws batting - Pitching for Peoria Chiefs : LHP Chris Morales
Pitching: LHP Chris Morales
Batting: LHB Matt Urbanek 0-0: Called Strike
0-1: Ball
1-1: SINGLE (Groundball, 34D, EV 103.8 MPH)
Batting: RHB Vaclav Been 0-0: Ball
1-0: Called Strike
Matt Urbanek is caught stealing 2nd base 2-4
1-1: Ball
2-1: Fly out, F7 (Flyball, 7LS, EV 96.2 MPH)
Batting: RHB Mike Bell 0-0: Fly out, F8 (Flyball, 8LM, EV 93.1 MPH)
Bottom of the 1st over - 0 runs, 1 hit, 0 errors, 0 left on base; Peoria 1 - Lakewood 0
TOP OF THE 2ND
Peoria Chiefs batting - Pitching for Lakewood BlueClaws : RHP Pablo Medina
Batting: RHB Pat Scaturro 0-0: Ball
1-0: Fly out, F9 (Flyball, 9, EV 90.0 MPH)
Batting: RHB Ben Politi 0-0: Called Strike
0-1: Ball
1-1: Bunt for hit to 23 - play at first, batter OUT! 3-4
Batting: RHB Tim Cleary 0-0: Called Strike
0-1: Ball
1-1: Ground out 5-3 (Groundball, 56, EV 91.2 MPH)
Top of the 2nd over - 0 runs, 0 hits, 0 errors, 0 left on base; Peoria 1 - Lakewood 0
BOTTOM OF THE 2ND
Lakewood BlueClaws batting - Pitching for Peoria Chiefs : LHP Chris Morales
Batting: RHB Victor Arias 0-0: Foul Ball, location: 2F
0-1: SINGLE (Groundball, 4MD, EV 96.2 MPH)
Batting: SHB Steve DeRienzo 0-0: Called Strike
Victor Arias is caught stealing 2nd base 2-4
0-1: Called Strike
0-2: Fly out, F2 (Popup, 23F, EV 80.6 MPH)
Batting: RHB Trent Hedrick 0-0: Called Strike
0-1: Foul Ball, location: 2F
0-2: Foul Ball, location: 2F
0-2: Ground out 6-3 (Groundball, 6, EV 108.1 MPH)
Bottom of the 2nd over - 0 runs, 1 hit, 0 errors, 0 left on base; Peoria 1 - Lakewood 0
TOP OF THE 3RD
Peoria Chiefs batting - Pitching for Lakewood BlueClaws : RHP Pablo Medina
Batting: LHB Dana McDonald 0-0: Swinging Strike
0-1: Called Strike
0-2: Ball
1-2: Strikes out swinging
Batting: RHB Joe LaDue 0-0: Ball
1-0: Swinging Strike
1-1: Ball
2-1: Ball
3-1: Fly out, F9 (Flyball, 9D, EV 95.6 MPH)
Batting: SHB Gerardo Macias 0-0: Ball
1-0: Foul Ball, location: 2F
1-1: Swinging Strike
1-2: Foul Ball, location: 2F
1-2: Ball
2-2: Foul Ball, location: 2F
2-2: Ball
3-2: DOUBLE (Line Drive, 89M, EV 96.9 MPH)
Batting: SHB Josh Schultze 0-0: Foul Ball, location: 2F
0-1: Fly out, F7 (Flyball, 7, EV 89.4 MPH)
Top of the 3rd over - 0 runs, 1 hit, 0 errors, 1 left on base; Peoria 1 - Lakewood 0
BOTTOM OF THE 3RD
Lakewood BlueClaws batting - Pitching for Peoria Chiefs : LHP Chris Morales
Batting: LHB Eric Farren 0-0: Called Strike
0-1: Swinging Strike
0-2: Foul Ball, location: 2F
0-2: Ball
1-2: Ball
2-2: Ball
3-2: Ground out 6-3 (Groundball, 6, EV 85.6 MPH)
Batting: RHB Bryan Alfaro 0-0: Called Strike
0-1: Called Strike
0-2: Ball
1-2: Foul Ball, location: 2F
1-2: Strikes out swinging, 2-3 out at first.
Batting: RHB Cory Bonham 0-0: Foul Ball, location: 2F
0-1: Fly out, F9 (Flyball, 9, EV 73.8 MPH)
Bottom of the 3rd over - 0 runs, 0 hits, 0 errors, 0 left on base; Peoria 1 - Lakewood 0
TOP OF THE 4TH
Peoria Chiefs batting - Pitching for Lakewood BlueClaws : RHP Pablo Medina
Batting: LHB Jorge Zarazua 0-0: Foul Ball, location: 2F
0-1: Swinging Strike
0-2: Strikes out looking
Batting: RHB Fekadu Alhaadi 0-0: SINGLE (Groundball, 56S, EV 61.2 MPH) (infield hit)
Batting: RHB Pat Scaturro 0-0: Fielders Choice at 2nd, 6-4 (Groundball, 6S, EV 83.1 MPH)
Batting: RHB Ben Politi 0-0: Swinging Strike
0-1: Ball
1-1: Ball
2-1: Foul Ball, location: 2F
2-2: Foul Ball, location: 2F
2-2: Ball
3-2: Foul Ball, location: 2F
3-2: Ground out 4-3 (Groundball, 34S, EV 90.0 MPH)
Top of the 4th over - 0 runs, 1 hit, 0 errors, 1 left on base; Peoria 1 - Lakewood 0
BOTTOM OF THE 4TH
Lakewood BlueClaws batting - Pitching for Peoria Chiefs : LHP Chris Morales
Batting: LHB Matt Urbanek 0-0: Called Strike
0-1: Foul Ball, location: 2F
0-2: Foul Ball, location: 2F
0-2: Strikes out swinging
Batting: RHB Vaclav Been 0-0: Called Strike
0-1: Ball
1-1: SINGLE (Flyball, 89S, EV 89.4 MPH)
Batting: RHB Mike Bell 0-0: Called Strike
Vaclav Been steals 2nd base
0-1: Foul Ball, location: 2F
0-2: Fly out, F8 (Flyball, 78M, EV 90.0 MPH)
Batting: RHB Victor Arias 0-0: Foul Ball, location: 2F
0-1: Foul Ball, location: 2F
0-2: Foul Ball, location: 2F
0-2: Strikes out swinging
Bottom of the 4th over - 0 runs, 1 hit, 0 errors, 1 left on base; Peoria 1 - Lakewood 0
TOP OF THE 5TH
Peoria Chiefs batting - Pitching for Lakewood BlueClaws : RHP Pablo Medina
Batting: RHB Tim Cleary 0-0: Fly out, F9 (Flyball, 89S, EV 83.8 MPH)
Batting: LHB Dana McDonald 0-0: Called Strike
0-1: Swinging Strike
0-2: Ball
1-2: Ball
2-2: Foul Ball, location: 2F
2-2: Ball
3-2: SINGLE (Groundball, 23, EV 68.1 MPH) (infield hit)
Batting: RHB Joe LaDue 0-0: Foul Ball, location: 2F
0-1: Ball
Dana McDonald is caught stealing 2nd base 2-4
1-1: Ball
2-1: Ground out 4-3 (Groundball, 4, EV 104.4 MPH)
Top of the 5th over - 0 runs, 1 hit, 0 errors, 0 left on base; Peoria 1 - Lakewood 0
BOTTOM OF THE 5TH
Lakewood BlueClaws batting - Pitching for Peoria Chiefs : LHP Chris Morales
Batting: SHB Steve DeRienzo 0-0: Called Strike
0-1: Fly out, F9 (Line Drive, 9S, EV 108.8 MPH)
Batting: RHB Trent Hedrick 0-0: Ground out U3 (Groundball, 34, EV 83.8 MPH)
Batting: LHB Eric Farren 0-0: Called Strike
0-1: DOUBLE (Flyball, 89D, EV 96.2 MPH)
Batting: RHB Bryan Alfaro 0-0: Ball
1-0: Foul Ball, location: 2F
1-1: Ball
2-1: Ball
3-1: Swinging Strike
3-2: Ground out 4-3 (Groundball, 4, EV 99.4 MPH)
Bottom of the 5th over - 0 runs, 1 hit, 0 errors, 1 left on base; Peoria 1 - Lakewood 0
TOP OF THE 6TH
Peoria Chiefs batting - Pitching for Lakewood BlueClaws : RHP Pablo Medina
Batting: SHB Gerardo Macias 0-0: Called Strike
0-1: Ball
1-1: Ball
2-1: Ball
3-1: Base on Balls
Pitching: RHP Ian Savary
Batting: SHB Josh Schultze 0-0: Grounds into double play, 6-4-3 (Groundball, 6M, EV 84.4 MPH)
Batting: LHB Jorge Zarazua 0-0: Ball
1-0: Ball
2-0: Ball
3-0: Called Strike
3-1: Swinging Strike
3-2: Foul Ball, location: 2F
3-2: Strikes out swinging
Top of the 6th over - 0 runs, 0 hits, 0 errors, 0 left on base; Peoria 1 - Lakewood 0
BOTTOM OF THE 6TH
Lakewood BlueClaws batting - Pitching for Peoria Chiefs : LHP Chris Morales
Batting: RHB Cory Bonham 0-0: Ball
1-0: Ball
2-0: Called Strike
2-1: Foul Ball, location: 2F
2-2: Strikes out swinging
Batting: LHB Matt Urbanek 0-0: Ball
1-0: Called Strike
1-1: Ball
2-1: Swinging Strike
2-2: DOUBLE (Line Drive, 7LM, EV 105.6 MPH)
Batting: RHB Vaclav Been 0-0: Ball
1-0: Called Strike
1-1: Ball
2-1: Foul Ball, location: 2F
2-2: Foul Ball, location: 2F
2-2: Ball
3-2: Reached on error, E6 (Groundball, P, EV 84.4 MPH)
Matt Urbanek to third
Batting: RHB Mike Bell 0-0: Called Strike
0-1: Ball
1-1: Swinging Strike
1-2: Strikes out looking
Batting: RHB Victor Arias 0-0: Called Strike
0-1: Called Strike
0-2: Foul Ball, location: 2F
0-2: Ball
1-2: Ball
2-2: Strikes out looking
Bottom of the 6th over - 0 runs, 1 hit, 1 error, 2 left on base; Peoria 1 - Lakewood 0
TOP OF THE 7TH
Peoria Chiefs batting - Pitching for Lakewood BlueClaws : RHP Ian Savary
Pitching: RHP Ramon Mena
Batting: RHB Fekadu Alhaadi 0-0: Ball
1-0: Ball
2-0: Foul Ball, location: 2F
2-1: Fly out, F9 (Flyball, 9S, EV 89.4 MPH)
Batting: RHB Pat Scaturro 0-0: Called Strike
0-1: Ball
1-1: Fly out, F8 (Flyball, 8RM, EV 90.6 MPH)
Batting: RHB Ben Politi 0-0: Ball
1-0: Called Strike
1-1: Ball
2-1: Foul Ball, location: 2F
2-2: Ground out 5-3 (Groundball, 5, EV 82.5 MPH)
Top of the 7th over - 0 runs, 0 hits, 0 errors, 0 left on base; Peoria 1 - Lakewood 0
BOTTOM OF THE 7TH
Lakewood BlueClaws batting - Pitching for Peoria Chiefs : LHP Chris Morales
Batting: SHB Steve DeRienzo 0-0: Foul Ball, location: 2F
0-1: Ball
1-1: Ball
2-1: SINGLE (Line Drive, 89S, EV 111.2 MPH)
Batting: RHB Trent Hedrick 0-0: Bunt missed!
0-1: Bunted foul
0-2: Foul Ball, location: 2F
0-2: Ball
1-2: Fielders Choice at 2nd, 6-4 (Groundball, 56, EV 84.4 MPH)
Batting: LHB Eric Farren 0-0: Ball
1-0: Ball
2-0: Foul Ball, location: 2F
2-1: Called Strike
2-2: Foul Ball, location: 2F
2-2: Fly out, F8 (Flyball, 8LD, EV 84.4 MPH)
Batting: RHB Bryan Alfaro 0-0: Called Strike
0-1: Ball
1-1: Foul Ball, location: 2F
1-2: Ball
2-2: Ground out 4-3 (Groundball, 34S, EV 81.9 MPH)
Bottom of the 7th over - 0 runs, 1 hit, 0 errors, 1 left on base; Peoria 1 - Lakewood 0
TOP OF THE 8TH
Peoria Chiefs batting - Pitching for Lakewood BlueClaws : RHP Ramon Mena
Pitching: RHP David Oviedo
Batting: RHB Tim Cleary 0-0: Ball
1-0: SINGLE (Groundball, 34S, EV 71.2 MPH) (infield hit)
Batting: LHB Dana McDonald 0-0: Ball
Tim Cleary steals 2nd base
1-0: Intentional Walk
Batting: RHB Joe LaDue 0-0: Ball
1-0: Bunt missed!
1-1: Bunted foul
1-2: Ball
2-2: Foul Ball, location: 2F
2-2: Ground out 5-3 (Groundball, 6S, EV 66.9 MPH)
Tim Cleary to third
Dana McDonald to second
Batting: SHB Gerardo Macias 0-0: Ball
1-0: Ball
2-0: Called Strike
2-1: Swinging Strike
2-2: Ball
3-2: Foul Ball, location: 2F
3-2: Foul Ball, location: 2F
3-2: Foul Ball, location: 2F
3-2: Foul Ball, location: 2F
3-2: Base on Balls
Batting: SHB Josh Schultze 0-0: Ball
1-0: Foul Ball, location: 2F
1-1: Ball
2-1: Ball
3-1: Foul Ball, location: 2F
3-2: Foul Ball, location: 2F
3-2: Foul Ball, location: 2F
3-2: Fly out, F7 (Flyball, 7LMF, EV 96.2 MPH)
Runner from 3rd tags up, SCORES, no throw by LF
Batting: LHB Jorge Zarazua 0-0: Called Strike
0-1: Ball
1-1: SINGLE (Groundball, 34D, EV 96.2 MPH)
Dana McDonald to third
Gerardo Macias to second
Runner from 3rd tries for Home, SAFE, throw by RF to home
Batting: RHB Fekadu Alhaadi 0-0: Ground out 1-3 (Groundball, P, EV 65.6 MPH)
Top of the 8th over - 2 runs, 2 hits, 0 errors, 2 left on base; Peoria 3 - Lakewood 0
BOTTOM OF THE 8TH
Lakewood BlueClaws batting - Pitching for Peoria Chiefs : LHP Chris Morales
Batting: RHB Cory Bonham 0-0: Ball
1-0: Called Strike
1-1: Ball
2-1: Ball
3-1: Called Strike
3-2: Base on Balls
Batting: LHB Matt Urbanek 0-0: Ball
1-0: Ball
2-0: Ball
3-0: Called Strike
3-1: Base on Balls
Cory Bonham to second
Pitching: RHP Juan Gomez
Batting: RHB Vaclav Been 0-0: Ball
1-0: Foul Ball, location: 2F
1-1: Swinging Strike
1-2: Strikes out swinging
Batting: RHB Mike Bell 0-0: Ball
1-0: Foul Ball, location: 2F
1-1: Fielders Choice at 2nd, 6-4 (Groundball, 6M, EV 83.8 MPH)
Cory Bonham to third
Batting: RHB Victor Arias 0-0: Called Strike
0-1: Foul Ball, location: 2F
0-2: Foul Ball, location: 2F
0-2: Strikes out swinging
Bottom of the 8th over - 0 runs, 0 hits, 0 errors, 2 left on base; Peoria 3 - Lakewood 0
TOP OF THE 9TH
Peoria Chiefs batting - Pitching for Lakewood BlueClaws : RHP David Oviedo
Pitching: RHP Francisco Tejada
Batting: RHB Pat Scaturro 0-0: Ball
1-0: Swinging Strike
1-1: Called Strike
1-2: Strikes out swinging
Batting: RHB Ben Politi 0-0: Swinging Strike
0-1: Foul Ball, location: 2F
0-2: Ball
1-2: SINGLE (Flyball, 8LS, EV 95.0 MPH)
Batting: RHB Tim Cleary 0-0: Ball
Ben Politi steals 2nd base
1-0: Called Strike
1-1: Ball
2-1: SINGLE (Groundball, 34D, EV 84.4 MPH) (infield hit)
Ben Politi to third
Batting: LHB Dana McDonald 0-0: Called Strike
Tim Cleary steals 2nd base
0-1: Ball
1-1: Intentional Walk
Batting: RHB Joe LaDue 0-0: Foul Ball, location: 2F
0-1: Ball
1-1: Swinging Strike
1-2: Ball
2-2: Ball
3-2: Base on Balls
Ben Politi scores
Tim Cleary to third
Dana McDonald to second
Batting: SHB Gerardo Macias 0-0: Called Strike
0-1: Ball
1-1: Ball
2-1: Ball
3-1: Base on Balls
Tim Cleary scores
Dana McDonald to third
Joe LaDue to second
Batting: SHB Josh Schultze 0-0: Foul Ball, location: 2F
0-1: Ball
1-1: Swinging Strike
1-2: SINGLE (Line Drive, 7S, EV 106.9 MPH)
Dana McDonald scores
Joe LaDue to third
Gerardo Macias to second
Pitching: RHP Alec Guglielmo
Batting: LHB Jorge Zarazua 0-0: Ball
1-0: Foul Ball, location: 2F
1-1: Hit by Pitch
Joe LaDue scores
Gerardo Macias to third
Josh Schultze to second
Batting: RHB Fekadu Alhaadi 0-0: Called Strike
0-1: Ball
1-1: Ball
2-1: Foul Ball, location: 2F
2-2: Foul Ball, location: 2F
2-2: Foul Ball, location: 2F
2-2: Ball
3-2: SINGLE (Groundball, 4MS, EV 54.4 MPH) (infield hit)
Gerardo Macias scores
Josh Schultze to third
Jorge Zarazua to second
Pinch Hitting: RHB Roberto Ruiz 0-0: Called Strike
0-1: Swinging Strike
0-2: Ball
1-2: Fly out, F7 (Line Drive, 7, EV 87.5 MPH)
Runner from 3rd tags up, OUT at HOME! 7-2
Top of the 9th over - 5 runs, 4 hits, 0 errors, 2 left on base; Peoria 8 - Lakewood 0
BOTTOM OF THE 9TH
Lakewood BlueClaws batting - Pitching for Peoria Chiefs : RHP Juan Gomez
Now at 2B: Roberto Ruiz
Batting: SHB Steve DeRienzo 0-0: Foul Ball, location: 2F
0-1: Ball
1-1: Fly out, F8 (Flyball, 8LD, EV 87.5 MPH)
Batting: RHB Trent Hedrick 0-0: Ground out 6-3 (Groundball, 6, EV 76.9 MPH)
Batting: LHB Eric Farren 0-0: Ball
1-0: Ball
2-0: Ball
3-0: Base on Balls
Batting: RHB Bryan Alfaro 0-0: Swinging Strike
0-1: Swinging Strike
0-2: DOUBLE (Flyball, 8RXD, EV 95.0 MPH)
Eric Farren to third
Batting: RHB Cory Bonham 0-0: Foul Ball, location: 2F
0-1: Ball
1-1: Ball
2-1: Ground out 6-3 (Groundball, 6, EV 90.0 MPH)
Bottom of the 9th over - 0 runs, 1 hit, 0 errors, 2 left on base; Peoria 8 - Lakewood 0
Tuesday, March 28th , 2023 - OOTP Baseball 23.10 Build 110